 Dungeon Sprint DCSS version 0.30.1-11-g7821555f0a (webtiles) character file.

Game seed: 7664028310056838564

23688 Heoruswealwe the Minotaur Porcupine (level 12, 0/133 HPs)
             Began as a Minotaur Fighter on Nov 15, 2023.
             Was an Initiate of Gozag.
             Slain by a spark wasp (17 damage)
             ... in the Dungeon (Sprint IX: "|||||||||||||||||||||||||||||").
             The game lasted 00:24:53 (3407 turns).

Heoruswealwe the Minotaur Porcupine (MiFi)          Turns: 3407, Time: 00:24:53

Health: 0/133      AC: 25    Str: 25    XL:     12   Next: 74%
Magic:  11/11      EV:  8    Int:  5    God:    Gozag
Gold:   700        SH:  0    Dex: 11    Spells: 11/11 levels left

rFire   + . .        b - +2 halberd (venom)
rCold   . . .        (shield currently unavailable)
rNeg    . . .        c - +0 plate armour
rPois   +            g - +0 hat {Will+}
rElec   .            h - +1 cloak
rCorr   .            f - +1 pair of gloves
SInv    .            (no boots)
Will    +....        (no amulet) Stlth
                     k - ring of poison resistance
HPRegen 0.42/turn    j - ring of protection from fire
MPRegen 0.12/turn

%: no teleportation
@: gold aura
A: horns 2, retaliatory headbutt
a: Renounce Religion, Potion Petition, Call Merchant, Bribe Branch


You were in the Dungeon.
You worshipped Gozag.
Gozag was pleased with you.
You visited 1 branch You collected 9839 gold pieces.
You spent 5772 gold pieces at shops.
You paid 3367 gold pieces to Gozag.

Inventory:

Hand Weapons
 a - a +0 trident
 b - a +2 halberd of venom (weapon)
 r - a +0 glaive
 x - the +9 sword of Power {lifebolt}
   (You bought it in a shop in the Dungeon)
 y - the +10 zealot's sword {holy, Zealotry, *Rage rN+ EV+3}
   (You bought it in a shop in the Dungeon)

   Zealotry:  Whenever the wielder enters a berserk rage, their allies are
   berserked alongside them.
   EV:        It affects your evasion (+3).
   rN:        It protects you from negative energy.
   *Rage:     It berserks you when you make melee attacks (+20% chance).
Armour
 c - a +0 plate armour (worn)
 d - a +0 buckler
 f - a +1 pair of gloves (worn)
 g - a +0 hat of willpower (worn)
 h - a +1 cloak (worn)
Jewellery
 j - a ring of protection from fire (right hand)
 k - a ring of poison resistance (left hand)
 u - a ring of protection from fire
 w - a ring of protection from cold
Wands
 m - a wand of light (10)
 v - a wand of paralysis (6)
Scrolls
 e - 5 scrolls of blinking
 o - 3 scrolls of enchant armour
 s - 2 scrolls of identify
 t - 3 scrolls of enchant weapon
Potions
 i - 2 potions of ambrosia
 l - 2 potions of might
 n - 2 potions of mutation
 q - 3 potions of haste


   Skills:
 + Level 20.2 Fighting
 O Level 27 Polearms
 + Level 20.2 Armour
 - Level 3.6 Shields


You had 11 spell levels left.
You didn't know any spells.
Your spell library was empty.

Dungeon Overview and Level Annotations

Branches:
Dungeon (1/1)

Altars:
Cheibriados
Dithmenos
Elyvilon
Fedhas
Gozag
Hepliaklqana
Kikubaaqudgha
Makhleb
Nemelex Xobeh
Okawaru
Qazlal
Ru
Sif Muna
Trog
Uskayaw
Vehumet
Wu Jian
Xom
Yredelemnul
Zin
The Shining One
Jiyva
Lugonu

Shops:
D **![*(==


Innate Abilities, Weirdness & Mutations

You have a pair of horns on your head.
You reflexively headbutt those who attack you in melee.


Message History

You kill the emperor scorpion!
The spark wasp is distracted by your dazzling golden aura.
The spark wasp buzzes angrily.
You puncture the torpor snail! You headbutt the torpor snail.
The torpor snail is moderately wounded.
The torpor snail bites you!
You hit the torpor snail but do no damage.
The torpor snail is poisoned.
The torpor snail is moderately wounded.
The torpor snail bites you!
You spit the torpor snail like a pig!!!
The torpor snail looks as sick as possible!
The torpor snail is almost dead.
You impale the torpor snail!!
You kill the torpor snail!
You feel yourself speed up.
The spark wasp is no longer distracted by gold.
You have mastered Polearms!
You hit the spark wasp.
The spark wasp is poisoned.
The spark wasp is lightly wounded.
The spark wasp stings you but does no damage.
You miss the spark wasp.
The spark wasp is lightly wounded.
The spark wasp stings you!
* * * LOW HITPOINT WARNING * * *
The spark wasp shocks you!
* * * LOW HITPOINT WARNING * * *
You feel much better.
The spark wasp is distracted by your dazzling golden aura.
The spark wasp buzzes angrily.
You impale the spark wasp!!
The spark wasp looks as sick as possible!
The spark wasp is no longer distracted by gold.
You headbutt the spark wasp.
The spark wasp is severely wounded.
The spark wasp stings you!
* * * LOW HITPOINT WARNING * * *
The spark wasp shocks you!
You die...
Your body crumbles into a pile of gold.

*,,,,,,,,,,,,+,,,,,,,,,,,,,,,,,,
*,******************************
*,,,,,,,,,,,,,,,,,,,,,,,,,,,,,,,
********************************
*,,,,,,,,,,,,,,,,,+,,,,,,,,,,,,,
*,******************************
*,,,,,,,,,,,,,,,,,,,,,,,,,,,,,,,
▓▓▓▓▓▓▓▓▓▓▓▓▓▓▓▓▓▓▓▓▓▓▓*********
▓..............@ywsss..,,,+,,,,,
▓.▓▓▓▓▓▓▓▓▓▓▓▓▓▓▓▓▓▓▓▓▓▓▓▓♣♣♣♣♣♣
▓...............................
▓▓▓▓▓▓▓▓▓▓▓▓▓▓▓▓▓▓▓▓▓▓▓▓▓▓▓▓▓▓▓▓
▓.........'..=..)))))))).[[[[[[.
▓.▓▓▓▓▓▓▓▓▓▓▓▓▓▓▓▓▓▓▓▓▓▓▓▓▓▓▓▓▓▓
▓.....................).........
▓▓▓▓▓▓▓▓▓▓▓▓▓▓▓▓▓▓▓▓▓▓▓▓▓▓▓▓▓▓▓▓
▓.............'[))).))).))..')))


You could see a steelbarb worm, a spark wasp (extremely poisoned), a wolf spider
and 2 redbacks.

Vanquished Creatures
  Gastronok (D)
  An emperor scorpion (D)
  3 ettins (D)
  Josephine (D)
  Harold (D)
  A hydra (D)
  An ice dragon (D)
  Erica (D)
  A centaur warrior (D)
  2 orc high priests (D)
  2 deep troll shamans (D)
  A tengu warrior (D)
  Sonja (D)
  3 lindwurms (D)
  4 orc knights (D)
  An orc sorcerer (D)
  A manticore (D)
  An oklob plant (D)
  An ugly thing (D)
  2 cyclopes (D)
  A black mamba (D)
  A gargoyle (D)
  2 torpor snails (D)
  4 cane toads (D)
  A rime drake (D)
  A komodo dragon (D)
  2 tyrant leeches (D)
  A tarantella (D)
  2 yaks (D)
  A culicivora (shapeshifter) (D)
  5 wraiths (D)
  A vampire (D)
  Eustachio (D)
  2 basilisks (D)
  A vampire mosquito (D)
  An acid dragon (D)
  4 water moccasins (D)
  10 orc warriors (D)
  2 bullfrogs (D)
  A scorpion (D)
  A wight (D)
  A killer bee (D)
  A howler monkey (D)
  3 orc priests (D)
  2 iguanas (D)
  5 orc wizards (D)
  An adder (D)
  3 worms (D)
  A dart slug (D)
  16 orcs (D)
  An endoplasm (D)
  A goblin (D)
  2 hobgoblins (D)
  A giant cockroach simulacrum (D)
113 creatures vanquished.

Notes
Turn   | Place    | Note
-------+----------+-------------------------------------------
     0 | D        | Heoruswealwe the Minotaur Fighter began the quest for the
                  | Orb.
     0 | D        | Reached XP level 1. HP: 19/19 MP: 0/0
     6 | D        | Reached skill level 3 in Polearms
    15 | D        | Reached skill level 4 in Polearms
    16 | D        | Reached XP level 2. HP: 25/28 MP: 1/1
    28 | D        | Noticed a scorpion
    35 | D        | Reached skill level 5 in Fighting
    35 | D        | Reached skill level 5 in Polearms
    35 | D        | Reached skill level 5 in Armour
    35 | D        | Reached XP level 3. HP: 16/36 MP: 2/2
    48 | D        | Reached skill level 6 in Polearms
    58 | D        | Killed a scorpion
    59 | D        | Reached skill level 8 in Polearms
    59 | D        | Reached XP level 4. HP: 42/45 MP: 3/3
    62 | D        | Reached XP level 5. HP: 34/52 MP: 4/4
    66 | D        | Reached skill level 9 in Polearms
    72 | D        | Found a snail-covered altar of Cheibriados.
    72 | D        | Found a shadowy altar of Dithmenos.
    72 | D        | Found a white marble altar of Elyvilon.
    72 | D        | Found a blossoming altar of Fedhas.
    72 | D        | Found an opulent altar of Gozag.
    73 | D        | Found a hazy altar of Hepliaklqana.
    74 | D        | Found a viscous altar of Jiyva.
    75 | D        | Found an ancient bone altar of Kikubaaqudgha.
    76 | D        | Found a corrupted altar of Lugonu.
    77 | D        | Found a burning altar of Makhleb.
    78 | D        | Found a sparkling altar of Nemelex Xobeh.
    79 | D        | Found an iron altar of Okawaru.
    80 | D        | Became a worshipper of Gozag Ym Sagoz the Greedy
    81 | D        | Found a stormy altar of Qazlal.
    82 | D        | Found a sacrificial altar of Ru.
    83 | D        | Found a shimmering blue altar of Sif Muna.
    84 | D        | Found a bloodstained altar of Trog.
    85 | D        | Found a hide-covered altar of Uskayaw.
    86 | D        | Found a radiant altar of Vehumet.
    87 | D        | Found an ornate altar of the Wu Jian Council.
    88 | D        | Found a shimmering altar of Xom.
    89 | D        | Found a basalt altar of Yredelemnul.
    90 | D        | Found a glowing silver altar of Zin.
    91 | D        | Found a glowing golden altar of the Shining One.
   158 | D        | Noticed a yak
   162 | D        | Reached skill level 10 in Polearms
   167 | D        | Killed a yak
   168 | D        | Reached skill level 12 in Polearms
   168 | D        | Reached XP level 6. HP: 63/63 MP: 5/5
   206 | D        | Noticed a wraith
   206 | D        | Noticed a wraith
   206 | D        | Noticed a vampire mosquito
   206 | D        | Noticed a vampire
   206 | D        | Noticed an acid dragon
   206 | D        | Noticed a gargoyle
   213 | D        | Killed a wraith
   214 | D        | Reached skill level 10 in Fighting
   214 | D        | Reached skill level 13 in Polearms
   214 | D        | Reached skill level 10 in Armour
   214 | D        | Reached XP level 7. HP: 63/72 MP: 6/6
   217 | D        | Killed a wraith
   218 | D        | Reached skill level 14 in Polearms
   222 | D        | Killed a vampire mosquito
   231 | D        | Killed a vampire
   232 | D        | Reached XP level 8. HP: 82/82 MP: 7/7
   235 | D        | Reached skill level 15 in Polearms
   239 | D        | Killed a gargoyle
   427 | D        | Noticed a rime drake
   427 | D        | Noticed a cane toad
   427 | D        | Noticed an oklob plant
   427 | D        | Noticed a cane toad
   427 | D        | Noticed a komodo dragon
   432 | D        | Killed a rime drake
   433 | D        | Reached skill level 16 in Polearms
   436 | D        | Killed a cane toad
   437 | D        | Reached XP level 9. HP: 80/92 MP: 8/8
   442 | D        | Reached skill level 17 in Polearms
   443 | D        | Noticed an eight-headed hydra
   613 | D        | Killed an oklob plant
   625 | D        | Killed a cane toad
   626 | D        | Reached skill level 18 in Polearms
   629 | D        | Killed a komodo dragon
   833 | D        | Killed an 11-headed hydra
   834 | D        | Reached skill level 19 in Polearms
   924 | D        | Noticed a cane toad
   924 | D        | Noticed a cane toad
   925 | D        | Noticed a black mamba
   928 | D        | Reached XP level 10. HP: 104/104 MP: 9/9
   930 | D        | Killed a cane toad
   935 | D        | Killed a cane toad
   942 | D        | Killed a black mamba
   943 | D        | Reached skill level 15 in Fighting
   943 | D        | Reached skill level 20 in Polearms
   943 | D        | Reached skill level 15 in Armour
   946 | D        | Noticed a torpor snail
   958 | D        | Killed a torpor snail
  1139 | D        | Noticed a lindwurm
  1140 | D        | Noticed a lindwurm
  1153 | D        | Killed a lindwurm
  1154 | D        | Reached skill level 21 in Polearms
  1170 | D        | Noticed a lindwurm
  1171 | D        | Killed a lindwurm
  1182 | D        | Killed a lindwurm
  1395 | D        | Noticed Erica
  1408 | D        | Killed Erica
  1409 | D        | Reached XP level 11. HP: 68/115 MP: 10/10
  1550 | D        | Noticed Harold
  1563 | D        | Killed Harold
  1564 | D        | Reached skill level 22 in Polearms
  1676 | D        | Noticed Gastronok
  1689 | D        | Killed Gastronok
  1760 | D        | Noticed an ettin
  1777 | D        | Killed an ettin
  1778 | D        | Reached skill level 23 in Polearms
  2056 | D        | Noticed an orc knight
  2069 | D        | Noticed an orc high priest
  2072 | D        | Noticed a sun demon
  2075 | D        | Noticed an orc knight
  2082 | D        | Killed an orc knight
  2094 | D        | Killed an orc high priest
  2102 | D        | Killed an orc knight
  2264 | D        | Found Ypreikua's General Store.
  2264 | D        | Noticed an orc high priest
  2266 | D        | Noticed an orc knight
  2271 | D        | Found Mostu's Assorted Antiques.
  2282 | D        | Killed an orc high priest
  2283 | D        | Reached skill level 24 in Polearms
  2288 | D        | Killed an orc knight
  2312 | D        | Found Nuryabb's Distillery.
  2316 | D        | Found Ysoxas Porch's Armour Shoppe.
  2371 | D        | Noticed an orc sorcerer
  2378 | D        | Killed an orc sorcerer
  2418 | D        | Bought a scroll labelled PASAUM YK ISTAPECK for 29 gold
                  | pieces
  2418 | D        | Bought a scroll of enchant armour for 217 gold pieces
  2418 | D        | Bought a scroll labelled PASAUM YK ISTAPECK for 29 gold
                  | pieces
  2418 | D        | Bought a potion of ambrosia for 232 gold pieces
  2418 | D        | Bought a scroll labelled BUTOUG KOATIFE for 29 gold pieces
  2418 | D        | Bought 2 green potions for 52 gold pieces
  2420 | D        | Bought a scroll of blinking for 82 gold pieces
  2420 | D        | Bought a scroll of identify for 22 gold pieces
  2420 | D        | Bought a wand of paralysis (6) for 158 gold pieces
  2424 | D        | Bought a potion of heal wounds for 65 gold pieces
  2424 | D        | Bought a potion of heal wounds for 65 gold pieces
  2424 | D        | Bought a potion of lignification for 39 gold pieces
  2424 | D        | Bought a potion of might for 52 gold pieces
  2424 | D        | Bought a potion of degeneration for 13 gold pieces
  2424 | D        | Bought a potion of heal wounds for 65 gold pieces
  2452 | D        | Bought a scroll labelled LEKHOSE SYDE for 29 gold pieces
  2452 | D        | Bought a coral ring for 145 gold pieces
  2456 | D        | Bought the +9 sword of Power {lifebolt} for 1920 gold
                  | pieces
  2456 | D        | Found the +9 sword of Power {lifebolt}
  2456 | D        | Bought the +10 zealot's sword {holy, Zealotry, *Rage rN+
                  | EV+3} for 2529 gold pieces
  2456 | D        | Found the +10 zealot's sword {holy, Zealotry, *Rage rN+
                  | EV+3}
  2501 | D        | Noticed Sonja
  2519 | D        | Killed Sonja
  2755 | D        | Noticed Eustachio
  2773 | D        | Killed Eustachio
  2949 | D        | Noticed an orc knight
  2949 | D        | Noticed a centaur warrior
  2956 | D        | Noticed an ettin
  2963 | D        | Killed an orc knight
  2964 | D        | Reached skill level 25 in Polearms
  2964 | D        | Reached XP level 12. HP: 112/128 MP: 11/11
  2968 | D        | Noticed an ettin
  2969 | D        | Killed a centaur warrior
  2974 | D        | Noticed a tengu warrior
  2977 | D        | Killed an ettin
  2987 | D        | Killed an ettin
  3003 | D        | Killed a tengu warrior
  3004 | D        | Noticed a deep troll shaman
  3006 | D        | Noticed a deep troll shaman
  3007 | D        | Noticed an ice dragon
  3009 | D        | Killed a deep troll shaman
  3010 | D        | Reached skill level 26 in Polearms
  3020 | D        | Killed a deep troll shaman
  3027 | D        | Killed an ice dragon
  3282 | D        | Noticed Josephine
  3293 | D        | Killed Josephine
  3384 | D        | Noticed an emperor scorpion
  3384 | D        | Noticed a spark wasp
  3399 | D        | Killed an emperor scorpion
  3404 | D        | Reached skill level 27 in Polearms
  3407 | D        | Slain by a spark wasp

Illustrated notes

Levels and vault maps discovered:
D:        linesprint [early_d, line_temple, items_1, d_10, items_2, lair_1,
          lair_end, items_3, orc_1, orc_end, items_4, d_15, swamp_1, shoals_1,
          snake_1, spider_1, d_20, vaults_1, items_5, swamp_end, shoals_end,
          snake_end, spider_end, vaults_end, d_27, items_6, zot_1, zot_end,
          crypt_end, forest_end, elf_end, slime_end, tomb_end, abyss_end,
          pan_hell_end]

Skill      XL: |  1  2  3  4  5  6  7  8  9 10 11 12 |
---------------+-------------------------------------+-----
Polearms       | 4 5 8 12 13 14 16 19 21 25 27 | 27.0
Fighting       | 4 5 6 7 9 10 11 12 14 16 18 20 | 20.2
Armour         | 4 5 6 7 9 10 11 12 14 16 18 20 | 20.2
Shields        | |  3.6

Action                     |  1- 3 |  4- 6 |  7- 9 | 10-12 || total
---------------------------+-------+-------+-------+-------++-------
  Melee: Trident           |    39 |     7 |       |       ||    46
         Headbutt          |     6 |     4 |    15 |    67 ||    92
         Halberd           |       |    28 |    70 |   317 ||   415
 Invoke: Call Merchant     |       |       |       |     4 ||     4
    Use: Potion            |     1 |       |     6 |    10 ||    17
         Scroll            |       |       |     1 |     2 ||     3
   Stab: Distracted        |       |       |     2 |     5 ||     7
 Armour: Scale mail        |    13 |       |       |       ||    13
         Chain mail        |       |     7 |    17 |    30 ||    54
         Plate armour      |       |       |       |    93 ||    93
  Dodge: Dodged            |     8 |     9 |    22 |    79 ||   118
  Block: Buckler           |     3 |       |       |       ||     3
